 Dungeon Crawl Stone Soup version 0.31-a0-1227-g0136665373 (webtiles) character file.

Game seed: 14951275938587803634

192 barkas the Ruffian (level 5, -1/42 HPs)
             Began as a Draconian Shapeshifter on Dec 15, 2023.
             Was an Initiate of Yredelemnul.
             Slain by Grinder (4 damage)
             ... on level 5 of the Dungeon.
             The game lasted 00:04:54 (3248 turns).

barkas the Ruffian (Draconian Shapeshifter)         Turns: 3248, Time: 00:04:55

Health: -1/42      AC:  5    Str: 16    XL:     5   Next: 42%
Magic:  5/5        EV: 12    Int: 11    God:    Yredelemnul [......]
Gold:   151        SH:  0    Dex: 12    Spells: 4/4 levels left

rFire   . .          .
                       - Unarmed
rCold   . . .        (no shield)
rNeg    . . .        (body armour unavailable)
rPois   .            (helmet currently unavailable)
rElec   .            (cloak currently unavailable)
rCorr   .            (gloves currently unavailable)
SInv    .            (boots currently unavailable)
Will    .....        j - amulet of magic regeneration
Stlth   +            (no ring)
HPRegen 0.27/turn    (no ring)
MPRegen 0.49/turn

%: no passive effects
@: beast-form
A: beast (slay +2), AC +5, unfitting armour, cold-blooded
a: Begin Untransformation, Renounce Religion, Recall Undead Harvest


You were on level 5 of the Dungeon.
You worshipped Yredelemnul.
Yredelemnul was noncommittal.
You were a hulking beast.
You visited 1 branch of the dungeon, and saw 5 of its levels.

You collected 151 gold pieces.

Inventory:

Missiles
 f - 4 curare-tipped darts
Armour
 y - a +0 pair of boots
Magical Staves
 n - a staff of poison
Jewellery
 j - an amulet of magic regeneration (around neck)
 q - a ring of protection from fire
Talismans
 b - a beast talisman
 c - a flux talisman
Scrolls
 g - 4 scrolls of identify {unknown}
 h - a scroll of vulnerability {unknown}
 i - 2 scrolls of teleportation {unknown}
 l - a scroll of enchant armour {unknown}
 r - a scroll of revelation {unknown}
 v - a scroll of fear {unknown}
 w - a scroll of torment {unknown}
Potions
 a - 3 potions of lignification
 d - 2 potions of brilliance {unknown}
 k - 3 potions of haste {unknown}
 m - a potion of degeneration {unknown}
 o - a potion of attraction {unknown}
 p - a potion of ambrosia {unknown}
 s - 2 potions of heal wounds {unknown}
 t - a potion of invisibility {unknown}
 x - a potion of mutation {unknown}
 z - a potion of magic {unknown}


   Skills:
 + Level 2.7 Fighting
 + Level 2.8 Dodging
 * Level 4.5 Unarmed Combat
 + Level 3.6 Shapeshifting


You had 4 spell levels left.
You didn't know any spells.
Your spell library contained the following spells:

 Spells                   Type           Power      Damage    Failure   Level
 Kiss of Death            Conj/Necr      0%         2d5       34%         1
 Ensorcelled Hibernation  Hex/Ice        0%         N/A       47%         2
 Passwall                 Tmut/Erth      0%         N/A       47%         2
 Confusing Touch          Hex            0%         N/A       71%         3
 Hailstorm                Conj/Ice       0%         3d5       71%         3
 Swiftness                Air            0%         N/A       71%         3
 Dispel Undead            Necr           0%         3d6       98%         4
 Summon Ice Beast         Ice/Summ       0%         N/A       98%         4
 Simulacrum               Ice/Necr       Unusable   N/A       N/A         6

Dungeon Overview and Level Annotations

Branches:
Dungeon (5/15)
 Temple: D:4-7

Altars:
Elyvilon
Gozag
Wu Jian
Yredelemnul

Annotations:
D:5 Grinder


Innate Abilities, Weirdness & Mutations

You are a hulking beast.
Your limbs bulge with bestial killing power. (Slay +2)
Your plain brown scales are hard. (AC +5)
You cannot fit into any form of body armour.
You are cold-blooded and may be slowed by cold attacks.


Message History

Grinder struggles against the net.
You hit Grinder.
Grinder is lightly wounded.
You hit Grinder.
Grinder is lightly wounded.
Grinder struggles against the net.
You punch Grinder! You punch Grinder.
Grinder is heavily wounded.
Grinder struggles against the net.
You hit Grinder but do no damage.
Grinder is heavily wounded.
Grinder struggles against the net.
You hit Grinder.
Grinder is heavily wounded.
Grinder blinks!
You see here a throwing net.
u - a throwing net Grinder closely misses you.
Throw: throwing net
Press: ? - help, Q - select action, (/) - cycle Shift-Dir - straight line, f/p - Grinder
Aim: Grinder (heavily wounded, 53% to hit)
You throw a throwing net.
The throwing net closely misses Grinder.
Grinder says, "Wait up."
Grinder gestures at you.
You suddenly lose the ability to move!
Grinder hits you.
You writhe in agony.
Grinder hits you.
You writhe in agony.
Grinder hits you.
You writhe in agony.
* * * LOW HITPOINT WARNING * * *
You can move again.
Unknown command.
You hit Grinder.
Your tail-slap misses Grinder.
Grinder is heavily wounded.
Grinder hits you!
* * * LOW HITPOINT WARNING * * *
You writhe in agony.
You die...
Grinder says, "Hey, I wasn't done torturing you yet!"
Your body rises from the dead as a mindless zombie.

#.#..#.#
#.#..#.#
#......# ..
#......##
....##.......+ .
........<...##..
######.........
######.....####
........h.......
########5..#####
#...# #...#
#...# #...#
#####


You could see Grinder.

Vanquished Creatures
  6 gnolls
  5 adders
  3 worms
  6 dart slugs
  3 orcs
  7 endoplasms
  4 giant cockroaches
  11 goblins
  2 hobgoblins (D:2)
  5 quokkas
  5 ball pythons
  2 bats (D:1)
  2 frilled lizards
  6 kobolds
  3 rats
70 creatures vanquished.

Notes
Turn   | Place    | Note
-------+----------+-------------------------------------------
     0 | D:1      | barkas the Draconian Shapeshifter began the quest for the
                  | Orb.
     0 | D:1      | Reached XP level 1. HP: 16/16 MP: 1/1
    98 | D:1      | Reached XP level 2. HP: 23/23 MP: 2/2
   386 | D:1      | Reached XP level 3. HP: 28/29 MP: 3/3
  1014 | D:2      | Found an opulent altar of Gozag.
  1483 | D:2      | Reached XP level 4. HP: 36/36 MP: 4/4
  1761 | D:2      | Reached skill level 4 in Unarmed Combat
  2086 | D:3      | Reached XP level 5. HP: 40/42 MP: 5/5
  2969 | D:4      | Found a basalt altar of Yredelemnul.
  2969 | D:4      | Found a faded altar of an unknown god.
  2977 | D:4      | Found an ornate altar of the Wu Jian Council.
  2979 | D:4      | Found a faded altar of an unknown god.
  2981 | D:4      | Found a white marble altar of Elyvilon.
  3162 | D:4      | Became a worshipper of Yredelemnul the Dark
  3226 | D:5      | Entered Level 5 of the Dungeon
  3227 | D:5      | Noticed Grinder
  3228 | D:5      | Paralysed by Grinder for 5 turns
  3244 | D:5      | Paralysed by Grinder for 4 turns
  3248 | D:5      | Slain by Grinder

Illustrated notes

Levels and vault maps discovered:
D:1:      orjb1_lava_funnel, layout_loops_ring, corexii_hall_statues_x
D:2:      layout_loops_corners, basic_altar, serial_forest,
          infiniplex_forest_clump_tiny, infiniplex_forest_clump_long,
          infiniplex_forest_straight_1, infiniplex_forest_clump_medium,
          infiniplex_forest_clump_curved, infiniplex_forest_straight_3,
          infiniplex_forest_end_2
D:3:      layout_rooms
D:4:      layout_basic, chequers_temple_overflow_minitemple
D:5:      layout_basic, slow_altar_1, kennysheep_generic_room_8, uniq_grinder,
          uniq_pikel

Skill      XL: |  1  2  3  4 |
---------------+-------------+-----
Dodging        | 2 |  2.8
Fighting       | 2 |  2.7
Unarmed Combat | 4 |  4.5
Shapeshifting  | |  3.6

Action                     |  1- 3 |  4- 6 || total
---------------------------+-------+-------++-------
  Melee: Unarmed           |    77 |    64 ||   141
         Tailslap          |     7 |    11 ||    18
         Punch             |       |     3 ||     3
  Throw: Boomerang         |    35 |    37 ||    72
         Throwing net      |       |     3 ||     3
         Dart              |       |     1 ||     1
   Stab: Sleeping          |     3 |       ||     3
 Armour: Skin              |    30 |    24 ||    54
  Dodge: Dodged            |    37 |    26 ||    63

Table legend: (Time is in decaauts)
 A = Elapsed time spent in this place.
 B = Non-inter-level travel time spent in this place.
 C = Inter-level travel time spent in this place.
 D = Time resting spent in this place.
 E = Time spent auto-exploring this place.
 F = Levels seen in this place.
 G = Mean time per level.
                   A        B        C        D        E       F      G
               +--------+--------+--------+--------+--------+-----+--------+
         Total |   3264 |   3048 |    216 |     30 |   2493 |   5 |  652.8 |
       Dungeon |   3264 |   3048 |    216 |     30 |   2493 |   5 |  652.8 |
               +--------+--------+--------+--------+--------+-----+--------+

Top non-repeatable levels by time:
     D:4: 980 daAuts
     D:2: 969 daAuts
     D:1: 843 daAuts
     D:3: 450 daAuts
     D:5: 21 daAuts
